 Dungeon Crawl Stone Soup version 0.27-a0-899-ge2d0b17 (webtiles) character file.

Game seed: 8815381567696369715

1341 Nithhogg the Slasher (level 8, -4/63 HPs)
             Began as a Demonspawn Fighter on Apr 5, 2021.
             Slain by a red devil
             ... wielding a +0 trident
             ... summoned by a kobold demonologist
              (13 damage)
             ... on level 5 of the Dungeon.
             The game lasted 00:08:07 (6756 turns).

Nithhogg the Slasher (Demonspawn Fighter)           Turns: 6756, Time: 00:08:08

Health: -4/63      AC: 13    Str: 19    XL:     8   Next: 35%
Magic:  0/8        EV: 11    Int:  9    God:
Gold:   148        SH:  0    Dex: 13    Spells: 7/7 levels left

rFire    . . .     SeeInvis .   r - +2 short sword (freeze)
rCold    . . .     Faith    .   (no shield)
rNeg     . . .     Spirit   +   b - +0 scale mail
rPois    .         Reflect  .   (no helmet)
rElec    .         Harm     .   (no cloak)
rCorr    .         Rampage  .   (no gloves)
Will     .....                  (no boots)
Stlth    ..........             (no amulet)
HPRegen  0.20/turn              (no ring)
MPRegen  0.22/turn              (no ring)

@: sanguine armoured
A: talons 1, magic shield, magic regeneration, sanguine armour 1
a: no special abilities


You were on level 5 of the Dungeon.
You visited 1 branch of the dungeon, and saw 5 of its levels.

You collected 148 gold pieces.

Inventory:

Hand Weapons
 a - a +1 long sword
 r - a +2 short sword of freezing (weapon)
Armour
 b - a +0 scale mail (worn)
 c - a +0 kite shield
Jewellery
 l - a ring of protection from cold
Wands
 o - a wand of flame (17)
Scrolls
 f - a scroll of enchant armour {unknown}
 h - 4 scrolls of identify
 j - 2 scrolls of immolation
 q - a scroll of magic mapping {unknown}
Potions
 g - a potion of brilliance {unknown}
 i - a potion of resistance {unknown}
 k - a potion of lignification {unknown}
 n - a potion of degeneration {unknown}
 p - a potion of magic {unknown}


   Skills:
 + Level 5.4 Fighting
 * Level 6.1 Long Blades
 + Level 4.9 Armour
 + Level 3.9 Dodging
 - Level 2.6 Shields


You had 7 spell levels left.
You didn't know any spells.
Your spell library contained the following spells:

 Spells                   Type           Power      Damage    Failure   Level
 Confusing Touch          Hex            0%         N/A       98%         3
 Gell's Gravitas          Tloc           0%         N/A       98%         3
 Petrify                  Tmut/Erth      0%         N/A       100%        4
 Metabolic Englaciation   Hex/Ice        0%         N/A       100%        5
 Yara's Violent Unravell  Hex/Tmut       0%         3d3       100%        5


Dungeon Overview and Level Annotations

Branches:
Dungeon (5/15)
 Temple: D:4-7

Altars:
Elyvilon
Qazlal
Xom


Innate Abilities, Weirdness & Mutations

You have sharp toenails.
When hurt, damage is shared between your health and your magic reserves.
You regenerate magic rapidly.
When seriously injured, your bleeding wounds create armour. (AC +6)


Message History

You hit the kobold demonologist. You freeze the kobold demonologist.
You claw the kobold demonologist.
The kobold demonologist is severely wounded.
* * * LOW HITPOINT WARNING * * *
You feel very sick. The chaos spawn closely misses you.
Your scale mail prevents you from hitting the kobold demonologist.
Your kick misses the kobold demonologist.
The kobold demonologist is severely wounded.
You feel sick.
The kobold demonologist drinks a potion.
The kobold demonologist is healed!
The chaos spawn hits you.
* * * LOW HITPOINT WARNING * * *
You feel your power leaking away.
You feel better.
The kobold demonologist hits you but does no damage.
You are poisoned.
The chaos spawn hits you.
* * * LOW HITPOINT WARNING * * *
The chaos spawn freezes you!
* * * LOW HITPOINT WARNING * * *
You feel better.
The red devil hits you from afar with a +0 trident.
* * * LOW HITPOINT WARNING * * *
The kobold demonologist hits you but does no damage.
The chaos spawn misses you.
You hit the kobold demonologist. You freeze the kobold demonologist.
You claw the kobold demonologist, but do no damage.
The kobold demonologist is severely wounded.
The red devil hits you from afar with a +0 trident.
* * * LOW HITPOINT WARNING * * *
The kobold demonologist hits you but does no damage.
The chaos spawn closely misses you.
As you read the scroll of fear, it crumbles to dust.
You assume a fearsome visage.
The chaos spawn is unaffected.
The red devil is unaffected.
The scorpion looks frightened!
The kobold demonologist looks frightened!
The kobold looks frightened!
The red devil hits you from afar with a +0 trident!
You die...

..#...........###
###...........#
)))...........#
###...........#
#############.#
≈≈≈ #.# ≈# ###.#
## #...######
##...4@Ks#
#######4#
#...4.K...#
#.........#
#............
#....K....##.
#.........#
.....K....#
...........#


You could see a kobold demonologist (fleeing), a chaos spawn (summoned), a red
devil (summoned), a scorpion (fleeing) and a kobold (fleeing).

Vanquished Creatures
  A kobold demonologist (D:5)
  Grinder (D:3)
  Sigmund (D:2)
  Edmund (D:4)
  2 ogres (D:4)
  2 scorpions
  A water moccasin skeleton (D:5)
  Natasha (thrice) (D:3)
  A hound zombie (D:5)
  A hound skeleton (D:4)
  Robin (D:3)
  A gnoll (D:1)
  5 adders
  An ufetubus (D:4)
  2 worms
  3 dart slugs
  10 orcs
  5 ball pythons
  7 endoplasms
  4 giant cockroaches
  10 goblins
  11 hobgoblins
  7 jackals
  8 kobolds
  A quokka (D:2)
  9 bats
  3 frilled lizards (D:2)
  6 rats
  A bush (D:1)
109 creatures vanquished.

Vanquished Creatures (others)
  A scorpion (D:3)
  A dart slug (D:3)
  3 orcs (D:3)
  2 ball pythons (D:3)
  A bat (D:3)
  A rat (D:3)
  7 plants (D:1)
16 creatures vanquished.

Grand Total: 125 creatures vanquished

Notes
Turn   | Place    | Note
-------+----------+-------------------------------------------
     0 | D:1      | Nithhogg the Demonspawn Fighter began the quest for the
                  | Orb.
     0 | D:1      | Reached XP level 1. HP: 18/18 MP: 1/1
    54 | D:1      | Found a faded altar of an unknown god.
   212 | D:1      | Reached skill level 2 in Long Blades
   345 | D:1      | Gained mutation: When seriously injured, your bleeding
                  | wounds create armour. (AC +6) [demonic ancestry]
   345 | D:1      | Reached XP level 2. HP: 18/24 MP: 2/2
  1610 | D:2      | Reached XP level 3. HP: 29/29 MP: 3/3
  1658 | D:2      | Found a stormy altar of Qazlal.
  1770 | D:2      | Reached skill level 1 in Dodging
  2330 | D:2      | Gained mutation: You have sharp toenails. [demonic
                  | ancestry]
  2330 | D:2      | Reached XP level 4. HP: 29/35 MP: 4/4
  2537 | D:2      | Noticed Sigmund
  2778 | D:2      | Killed Sigmund
  2779 | D:2      | Reached skill level 3 in Long Blades
  2779 | D:2      | Gained mutation: You regenerate magic rapidly. [demonic
                  | ancestry]
  2779 | D:2      | Reached XP level 5. HP: 42/42 MP: 5/5
  3309 | D:3      | Noticed Robin
  3337 | D:3      | Killed Robin
  3338 | D:3      | Reached XP level 6. HP: 25/48 MP: 6/6
  3506 | D:3      | Reached skill level 4 in Long Blades
  3628 | D:3      | Noticed Natasha
  3632 | D:3      | Killed Natasha
  3692 | D:3      | Noticed Natasha
  3701 | D:3      | Killed Natasha
  4092 | D:3      | Found a shimmering altar of Xom.
  4479 | D:3      | Noticed Natasha
  4486 | D:3      | Killed Natasha
  5012 | D:4      | Noticed Edmund
  5033 | D:4      | Killed Edmund
  5034 | D:4      | Reached XP level 7. HP: 31/52 MP: 7/7
  5479 | D:4      | Reached skill level 5 in Long Blades
  5536 | D:4      | Noticed Grinder
  5537 | D:4      | Paralysed by Grinder for 7 turns
  5558 | D:3      | Paralysed by Grinder for 6 turns
  5580 | D:3      | Killed Grinder
  6224 | D:4      | Reached skill level 5 in Fighting
  6484 | D:5      | Entered Level 5 of the Dungeon
  6629 | D:5      | Noticed a kobold demonologist
  6641 | D:5      | Noticed a sun demon
  6649 | D:5      | Killed a kobold demonologist
  6650 | D:5      | Reached skill level 6 in Long Blades
  6650 | D:5      | Gained mutation: When hurt, damage is shared between your
                  | health and your magic reserves. [demonic ancestry]
  6650 | D:5      | Reached XP level 8. HP: 57/62 MP: 8/8
  6731 | D:5      | Noticed a kobold demonologist
  6749 | D:5      | Noticed a rust devil
  6751 | D:5      | Noticed a red devil
  6756 | D:5      | Slain by a red devil

Illustrated notes

Levels and vault maps discovered:
D:1:      minmay_arrival_pointy, layout_basic, basic_ecumenical_altar,
          serial_forest, infiniplex_forest_clump_curved,
          infiniplex_forest_straight_1, infiniplex_forest_lined_corner,
          infiniplex_forest_lined_ring, infiniplex_forest_lined_3_way,
          infiniplex_forest_clump_diagonal, infiniplex_forest_end_1,
          infiniplex_forest_end_2, infiniplex_forest_straight_2,
          infiniplex_forest_clump_large, minivault_24
D:2:      layout_basic, basic_altar, minmay_bisected, uniq_sigmund
D:3:      layout_basic, xom_confusion_cloud, uniq_robin, uniq_natasha
D:4:      layout_cave_pools, old_standard_altar, uniq_grinder, uniq_edmund
D:5:      layout_basic, led_sif_book, lemuel_round_altar,
          minmay_temple_entry_arrows, hangedman_decor_opposing,
          chequers_serial_rivers_large_b

Skill      XL: |  1  2  3  4  5  6  7 |
---------------+----------------------+-----
Long Blades    | 2 3 4 6 |  6.1
Armour         | 3 4 |  4.9
Dodging        | 1 2 3 |  3.9
Fighting       | 4 5 |  5.4
Shields        | |  2.6

Action                   |  1- 3 |  4- 6 |  7- 9 || total
-------------------------+-------+-------+-------++-------
Melee: Long sword        |   218 |   136 |    24 ||   378
       Kick              |       |    41 |    33 ||    74
       Short sword       |       |       |    76 ||    76
  Use: Scroll            |       |     4 |     4 ||     8
       Potion            |       |     2 |     2 ||     4
Armor: Scale mail        |    58 |    65 |    43 ||   166
Dodge: Dodged            |    41 |    83 |    42 ||   166
       Rpst.: Long sword |     7 |    26 |     4 ||    37

Table legend: (Time is in decaauts)
 A = Elapsed time spent in this place.
 B = Non-inter-level travel time spent in this place.
 C = Inter-level travel time spent in this place.
 D = Time resting spent in this place.
 E = Time spent auto-exploring this place.
 F = Levels seen in this place.
 G = Mean time per level.
                   A        B        C        D        E       F      G
               +--------+--------+--------+--------+--------+-----+--------+
         Total |   6847 |   6733 |    114 |   1403 |   4249 |   5 | 1369.4 |
       Dungeon |   6847 |   6733 |    114 |   1403 |   4249 |   5 | 1369.4 |
               +--------+--------+--------+--------+--------+-----+--------+

Top non-repeatable levels by time:
     D:3: 1996 daAuts
     D:1: 1844 daAuts
     D:2: 1375 daAuts
     D:4: 1363 daAuts
     D:5: 267 daAuts
